AoeStats
← KaLong

MegaRandom

508148605Analyzed
4v4 RM · 12d ago on Sep 21, 2026· 15m 6s· 8 players
Game mode
Random Map
Map size
Large (8 player)
Population
200
Speed
Normal
Resources
Standard
Victory
Conquest
Starting age
Dark Age
Ending age
Imperial Age
RankedLock teamsTeams togetherTeam positionsShared explorationLock speedFull tech treeHidden civsTurbo modeCheats
Victory
Defeat
🇺🇸 Huns · United States
1949
+2
🇺🇸 Magyars · United States
1773
+5
🇺🇸 Franks · United States
1514
+13
🇺🇸 Vietnamese · United States
1456
+16
🇯🇵 Burgundians · Japan
1629
-14
🇺🇸 Gurjaras · United States
1503
-10
🇺🇸 Hindustanis · United States
1429
-6
🇺🇸 Goths · United States
1404
-6
Isengard
0:32 Loom
11:15 Feudal Age
12:26 Man-at-Arms
13:23 Scale Mail Armor
13:34 Forging
all peacocks are the same
5:08 Loom
9:22 Feudal Age
10:51 Double-Bit Axe
Intra; King of Swords
0:33 Loom
10:54 Feudal Age
15:59 Castle Age
うーぺー
0:31 Loom
4:30 Double-Bit Axe
10:52 Feudal Age
11:46 Bow Saw
Bubbagump
6:13 Loom
6:19 Loom
9:11 Feudal Age
13:14 Fletching
14:33 Double-Bit Axe
BomBomB0
0:32 Loom
11:02 Feudal Age
嗚
0:31 Loom
9:21 Feudal Age
10:03 Double-Bit Axe
KaLong
0:29 Loom
11:59 Feudal Age
16:31 Castle Age
15:07 Double-Bit Axe
Connection lost

Rejoining the realm…

Still unreachable

The connection could not be restored.

Session expired

The server has moved on; the page needs a fresh start.